 Dungeon Crawl Stone Soup version 0.22.1-1-ga44c0e5 (webtiles) character file.

105022 dvd the Eclecticist (level 15, -8/73 HPs)
             Began as a Spriggan Warper on Oct 22, 2018.
             Was an Initiate of Gozag.
             Blown up by an orb spider (45 damage)
             ... with an orb of destruction
             ... on level 2 of the Spider Nest.
             The game lasted 04:07:51 (45526 turns).

dvd the Eclecticist (Spriggan Warper)              Turns: 45526, Time: 04:08:00

Health: -8/73      AC: 20    Str:  7    XL:     15   Next: 93%
Magic:  23/35      EV: 16    Int: 21    God:    Gozag
Gold:   2710       SH: 11    Dex: 21    Spells: 5/44 levels left

rFire    + . .     SeeInvis +   a - +9 rapier (drain)
rCold    . . .     Gourm    .   T - +2 buckler
rNeg     + . .     Faith    .   U - +1 pearl dragon scales of Inofeul {rPois rN+}
rPois    +         Spirit   .   u - +2 hat {SInv}
rElec    .         Reflect  .   M - +2 cloak {MR+}
rCorr    .         Harm     .   (gloves unavailable)
MR       ++++.     Clarity  +   (boots unavailable)
Stlth    +++.......             C - amulet of regeneration
HPRegen  0.62/turn              x - ring of Nomm {rF+ AC+2}
MPRegen  0.24/turn              L - +5 ring of dexterity

@: gold aura, slowed, deflect missiles, quick
A: very small, unfitting armour, molten scales 1, see invisible, clarity,
herbivore, speed 3, magic resistance 1, slow metabolism 2
a: Potion Petition, Call Merchant, Bribe Branch, Renounce Religion


You were on level 2 of the Spider Nest.
You worshipped Gozag.
Gozag was most pleased with you.
You were not hungry.

You visited 5 branches of the dungeon, and saw 26 of its levels.
You also visited: Bailey and Volcano.

You collected 8650 gold pieces.
You spent 3728 gold pieces at shops.
You paid 2212 gold pieces to Gozag.

Inventory:

Hand Weapons
 a - a +9 rapier of draining (weapon)
 b - a +3 dagger of holy wrath
 B - a +2 scimitar of flaming
 H - a +1 long sword of holy wrath
 R - the +2 hand axe "Hiurug" {chop, rF+ MR+ Stlth+}
   (You found it on level 14 of the Dungeon)

   It inflicts extra damage upon your enemies.
   It protects you from fire.
   It affects your resistance to hostile enchantments.
   It makes you more stealthy.
Missiles
 i - 61 tomahawks of returning (quivered)
 G - 45 tomahawks
Armour
 e - a +1 robe of magic resistance
 p - a +0 robe of fire resistance
 u - a +2 hat of see invisible (worn)
 D - the +9 scales of the Dragon King {rPois rF+ rC+ MR+}
   (You found it on level 6 of the Dungeon)

   It protects you from fire.
   It protects you from cold.
   It protects you from poison.
   It affects your resistance to hostile enchantments.
 M - a +2 cloak of magic resistance (worn)
 T - a +2 buckler (worn)
 U - the +1 pearl dragon scales of Inofeul (worn) {rPois rN+}
   (You bought it in a shop on level 2 of the Orcish Mines)

   It protects you from poison.
   It protects you from negative energy.
 Z - a scarf of spirit shield
Jewellery
 n - an uncursed ring of wizardry {unknown}
 x - the ring of Nomm (left hand) {rF+ AC+2}
   (You bought it in a shop on level 2 of the Orcish Mines)

   [ring of protection]

   It affects your AC (+2).
   It protects you from fire.
 C - an amulet of regeneration (around neck)
 L - a +5 ring of dexterity (right hand)
 S - the amulet of Psychosis {RegenMP *Corrode +Fly rElec MR+}
   (You found it on level 4 of the Lair of Beasts)

   [amulet of magic regeneration]

   It increases your magic regeneration.
   It insulates you from electricity.
   It affects your resistance to hostile enchantments.
   It lets you fly.
   It may corrode you when you take damage.
Wands
 r - a wand of disintegration (10)
 y - a wand of scattershot (4)
 z - a wand of random effects (63)
 A - a wand of polymorph (33)
 E - a wand of digging (51)
 I - a wand of iceblast (3)
 K - a wand of acid (14)
 O - a wand of clouds (3)
 P - a wand of flame (39)
 Y - a wand of paralysis (38)
Scrolls
 c - 6 scrolls of teleportation
 d - 4 scrolls of blinking
 g - 7 scrolls of remove curse
 h - 11 scrolls of identify
 k - 4 scrolls of fear
 m - 6 scrolls of fog
 o - 3 scrolls of magic mapping
 s - a scroll of silence {unknown}
 X - a scroll of enchant weapon
Potions
 j - 18 potions of curing
 l - 3 potions of flight
 q - a potion of brilliance
 t - 8 potions of mutation
 v - 4 potions of haste
 w - 4 potions of magic
 J - a potion of ambrosia
 Q - 2 potions of resistance
 V - a potion of invisibility
 W - 3 potions of heal wounds
Comestibles
 f - 15 rations


   Skills:
 + Level 6.1 Fighting
 + Level 11.2(11.5) Short Blades
 + Level 2.9(6.3) Long Blades
 + Level 3.4 Throwing
 * Level 2.0 Armour
 + Level 11.5 Dodging
 + Level 10.4 Stealth
 - Level 7.2 Shields
 + Level 15.2 Spellcasting
 + Level 10.6 Hexes
 + Level 10.3 Charms
 + Level 1.4 Summonings
 + Level 13.6 Translocations
 + Level 3.1 Transmutations
 * Level 3.0 Ice Magic
 + Level 7.4 Air Magic
 + Level 2.0 Evocations


You had 5 spell levels left.
You knew the following spells:

 Your Spells              Type           Power        Failure   Level  Hunger
a - Shroud of Golubria    Chrm/Tloc      ######....   1%          2    None
b - Blink                 Tloc           N/A          1%          2    None
c - Slow                  Hex            ######..     1%          2    None
d - Gell's Gravitas       Tloc           ######....   1%          3    None
e - Teleport Other        Tloc           ######..     1%          3    None
f - Call Imp              Summ           ###.....     52%         2    None
g - Lesser Beckoning      Tloc           ######....   1%          3    None
h - Cause Fear            Hex            ######....   10%         4    None
i - Passage of Golubria   Tloc           N/A          2%          4    None
j - Deflect Missiles      Chrm/Air       ######....   96%         6    #####..
k - Magic Dart            Conj           ###.         58%         1    None
l - Ensorcelled Hibernat  Hex/Ice        #####.       7%          2    None
m - Yara's Violent Unrav  Hex/Tmut       #####.....   77%         5    ###....

Your spell library contained the following spells:

 Spells                   Type           Power        Failure   Level  Hunger
 Swiftness                Chrm/Air       ######..     3%          2    None
 Beastly Appendage        Tmut           ####..       21%         1    None
 Inner Flame              Hex/Fire       #####...     26%         3    None
 Sticks to Snakes         Tmut           ####....     30%         2    None
 Silence                  Hex/Air        ######....   45%         5    ###....
 Passwall                 Tmut/Erth      ###.....     52%         2    None
 Flame Tongue             Conj/Fire      ###..        58%         1    None
 Mephitic Cloud           Conj/Pois/Air  ####....     63%         3    None
 Leda's Liquefaction      Hex/Erth       #####.....   63%         4    None
 Summon Forest            Summ/Tloc      #####.....   67%         5    ###....
 Corpse Rot               Necr           N/A          75%         2    None
 Throw Flame              Conj/Fire      ###...       75%         2    None
 Spider Form              Tmut/Pois      ###.......   75%         3    None
 Metabolic Englaciation   Hex/Ice        #####.....   77%         5    ###....
 Ice Form                 Ice/Tmut       ####....     90%         4    None
 Conjure Flame            Conj/Fire      ###.....     92%         3    None
 Stone Arrow              Conj/Erth      ###...       92%         3    None
 Blade Hands              Tmut           ####......   99%         5    ###....
 Sticky Flame             Conj/Fire      ###.....     100%        4    None
 Borgnjor's Vile Clutch   Necr/Erth      ###.......   100%        5    ###....
 Fireball                 Conj/Fire      ###.......   100%        5    ###....
 Lee's Rapid Deconstruct  Erth           ###.......   100%        5    ###....
 Darkness                 Hex            ######....   83%         6    #####..
 Invisibility             Hex            ######..     83%         6    #####..
 Bolt of Cold             Conj/Ice       ###.......   100%        6    #####..
 Freezing Cloud           Conj/Ice/Air   ####......   100%        6    #####..
 Hydra Form               Tmut           ####......   100%        6    #####..
 Ozocubu's Refrigeration  Ice            ####......   100%        6    #####..
 Shadow Creatures         Summ           N/A          100%        6    #####..
 Simulacrum               Ice/Necr       ###.......   100%        6    #####..
 Summon Hydra             Summ           ###.......   100%        7    ######.
 Discord                  Hex            ######....   100%        8    #######


Dungeon Overview and Level Annotations

Branches:
Dungeon (15/15)            Temple (1/1) D:6            Lair (6/6) D:9
  Swamp (0/4) Lair:3       Spider (2/4) Lair:4        Slime (0/5) Lair:6
    Orc (2/2) D:12            Elf (0/3) Orc:2        Vaults (0/5) D:14
 Depths (0/5) D:15

Altars:
Ashenzari
Cheibriados
Dithmenos
Elyvilon
Fedhas
Gozag
Hepliaklqana
Kikubaaqudgha
Makhleb
Nemelex Xobeh
Okawaru
Qazlal
Ru
Sif Muna
Trog
Uskayaw
Vehumet
Wu Jian
Xom
Yredelemnul
Zin
The Shining One
Beogh

Shops:
D:8 (   D:11 :   Orc:2 =([[   Lair:4 [!

Annotations:
D:7 Crazy Yiuf
Lair:5 Uwypaar's ghost, journeyman GrFi
Spider:2 1 transporter
Orc:2 1 runed door, exclusion: 4 orange crystal statues


Innate Abilities, Weirdness & Mutations

You are very small and have problems with some larger weapons.
You are too small for most types of armour.
You have supernaturally acute eyesight. (SInv)
You are a herbivore.
You cover ground extremely quickly.
You need to consume almost no food.
You are partially covered in molten scales. (AC +2)
You possess an exceptional clarity of mind.
You are resistant to hostile enchantments. (MR+)


Message History

Casting: Slow (safe; 1% risk of failure)
Confirm with . or Enter, or press ? or * to list all spells.
You blink.
The wolf spider hisses angrily.
A redback comes into view.
You feel yourself speed up.
A tarantella comes into view.
The orb spider weaves a glowing orb of energy.
A torpor snail comes into view.
Being near the torpor snail leaves you feeling lethargic.
An orb of destruction comes into view.
You feel yourself speed up.
Casting: Blink (safe; 1% risk of failure)
Confirm with . or Enter, or press ? or * to list all spells.
You blink.
The orb of destruction hits you!
The orb spider begins to weave its threads into a brightly glowing ball.
Being near the torpor snail leaves you feeling lethargic.
The orb of destruction hits you!
Ouch! That really hurt!
You die...

......^....................
...........................
.......§...>...............
.......s$$sw......^........
.........#§................
........§#§................
........§.§................
$
........§.§.......^......#.
.........§@..............##
........................^.#
$
.......s...................
..%..^..#§............#.##
.w#.s###............####
..... ##^......#...## ^...
#........###.# ...
##........### s
.####.......<#


You could see 2 torpor snails, a wolf spider, 2 orb spiders and a redback.

Vanquished Creatures
  Saint Roka (Orc:2)
  Rupert (Orc:2)
  Gastronok (Lair:2)
  A ghost moth (Spider:1)
  2 emperor scorpions
  Josephine (D:14)
  Harold (D:11)
  2 vault guards (D:14)
  4 hydras
  The ghost of Tenar the Thaumaturge, a journeyman GnIE of Vehumet (D:9)
  Erica (Lair:1)
  3 centaur warriors
  2 death yaks (Lair:5)
  The ghost of Harpaggios the Covert, a journeyman VSEn of Dithmenos (Lair:1)
  A hell knight (Volcano)
  A fire crab (Lair:4)
  2 skeletal warriors (D:14)
  A wizard (D:14)
  2 unseen horrors
  Pikel (D:7)
  2 wolf spider zombies (D:13)
  2 orc knights (D:12)
  3 necromancers (D:14)
  An oklob plant (Lair:1)
  6 orb spiders
  3 ugly things
  3 orc sorcerers
  9 wolf spiders
  4 cyclopes
  3 manticores
  5 elephants
  A guardian serpent (D:9)
  2 moths of wrath
  6 black mambas
  A gargoyle (D:10)
  6 centaur zombies
  A smoke demon (Volcano)
  13 spiny frogs
  5 kobold demonologists
  2 redback zombies (D:13)
  2 rime drakes
  6 komodo dragons
  An efreet (D:15)
  5 yaktaurs (D:14)
  A red devil (Volcano)
  A harpy zombie (D:13)
  3 tengu conjurers
  4 polar bears
  4 trolls
  2 meliai (Spider:2)
  13 jumping spiders
  7 hornets
  10 hippogriffs
  8 blink frogs
  A dream sheep (Lair:6)
  15 redbacks
  2 shadows
  5 tarantellas
  2 wyverns
  3 wraiths (D:14)
  29 yaks
  15 spriggans
  A vampire (D:13)
  2 vampire mosquitoes (D:13)
  2 basilisks
  18 humans (D:14)
  A hungry ghost (D:8)
  4 wargs
  Menkaure (D:7)
  3 swamp worms (Lair:3)
  2 acid dragons (D:13)
  3 hell hounds (Volcano)
  6 water moccasins
  9 porcupines
  46 orc warriors
  4 ice beasts
  A slave (D:7)
  4 sky beasts
  5 black bears (Lair:6)
  9 ogres
  2 phantoms
  A necrophage (D:10)
  2 hornet zombies
  2 eyes of draining
  5 boggarts
  33 wolves
  15 centaurs
  12 crocodiles
  3 big kobolds
  14 bullfrogs
  A gnoll sergeant (D:10)
  6 scorpions
  10 jellies
  24 killer bees
  4 wights (D:10)
  2 electric eels
  6 howler monkeys
  4 crimson imps
  A bullfrog zombie (D:6)
  2 quasits
  13 centaur skeletons
  10 hounds
  28 orc wizards
  29 orc priests
  2 bullfrog skeletons
  An iron imp (D:9)
  5 iguanas
  12 worker ants
  A worker ant zombie (D:10)
  18 gnolls
  12 adders
  2 shadow imps
  6 oozes
  An adder skeleton (D:4)
  7 worms
  2 dart slugs
  3 leopard geckos
  118 orcs
  7 giant cockroaches
  8 goblins
  18 hobgoblins
  9 jackals
  10 quokkas
  3 ball pythons
  7 bats
  5 frilled lizards
  A jackal skeleton (D:4)
  30 kobolds
  A leopard gecko zombie (D:8)
  A quokka skeleton (D:7)
  A quokka zombie (D:5)
  5 rats
893 creatures vanquished.

Vanquished Creatures (collateral kills)
  A merfolk (Orc:2)
  A water moccasin (Lair:1)
  2 centaurs
  A hound (D:10)
5 creatures vanquished.

Vanquished Creatures (others)
  A rime drake (Lair:4)
  A blink frog (Lair:6)
  An orc priest (Orc:2)
  An orc wizard (D:13)
  12 fungi
  30 plants
46 creatures vanquished.

Grand Total: 944 creatures vanquished

Notes
Turn   | Place    | Note
-------+----------+-------------------------------------------
     0 | D:1      | dvd the Spriggan Warper began the quest for the Orb.
     0 | D:1      | Reached XP level 1. HP: 10/10 MP: 5/5
   225 | D:1      | Reached skill level 3 in Spellcasting
   292 | D:1      | Reached XP level 2. HP: 3/14 MP: 7/7
   305 | D:1      | Learned a level 2 spell: Shroud of Golubria
  1330 | D:1      | Reached XP level 3. HP: 10/18 MP: 5/8
  1334 | D:1      | Learned a level 2 spell: Blink
  1496 | D:2      | Found an ancient bone altar of Kikubaaqudgha.
  1845 | D:2      | Reached skill level 1 in Stealth
  2401 | D:2      | Reached skill level 1 in Charms
  2401 | D:2      | Reached XP level 4. HP: 15/23 MP: 2/10
  3018 | D:3      | Found a shattered altar of Ashenzari.
  3270 | D:3      | Found a hide-covered altar of Uskayaw.
  3751 | D:3      | Reached XP level 5. HP: 24/26 MP: 8/11
  3913 | D:4      | Reached skill level 4 in Spellcasting
  4158 | D:4      | Reached skill level 5 in Translocations
  4556 | D:4      | Reached skill level 5 in Dodging
  4556 | D:4      | Reached XP level 6. HP: 8/30 MP: 11/13
  4901 | D:5      | Entered Level 5 of the Dungeon
  4902 | D:5      | Found a glowing golden altar of the Shining One.
  5171 | D:5      | Found a stormy altar of Qazlal.
  5224 | D:5      | Noticed an ice beast
  5980 | D:5      | Reached XP level 7. HP: 35/35 MP: 13/15
  6073 | D:5      | Learned a level 2 spell: Slow
  6197 | D:5      | Found a radiant altar of Vehumet.
  6575 | D:5      | Reached skill level 5 in Spellcasting
  7315 | D:5      | Found a sacrificial altar of Ru.
  7698 | D:5      | Learned a level 3 spell: Gell's Gravitas
  8061 | D:5      | Reached skill level 5 in Short Blades
  8061 | D:5      | Reached skill level 1 in Hexes
  8325 | D:6      | Found the +9 scales of the Dragon King {rPois rF+ rC+ MR+}
  8523 | D:6      | Reached XP level 8. HP: 29/39 MP: 13/17
  9069 | D:5      | Reached skill level 6 in Spellcasting
  9395 | D:6      | Found a staircase to the Ecumenical Temple.
  9505 | Temple   | Entered the Ecumenical Temple
  9548 | Temple   | Became a worshipper of Gozag Ym Sagoz the Greedy
  9878 | D:6      | Learned a level 3 spell: Teleport Other
 10438 | D:7      | Learned a level 2 spell: Call Imp
 10450 | D:7      | Noticed Pikel
 10451 | D:7      | Noticed Menkaure
 10747 | D:7      | Killed Pikel
 10747 | D:7      | Reached skill level 7 in Spellcasting
 10747 | D:7      | Reached XP level 9. HP: 43/43 MP: 16/20
 11305 | D:7      | Killed Menkaure
 11362 | D:7      | Found a runed door.
 11366 | D:7      | Noticed Crazy Yiuf
 11777 | D:8      | Reached skill level 8 in Spellcasting
 12062 | D:8      | Found Leoti's Antique Weapon Emporium.
 12120 | D:8      | Bought a glowing rapier for 133 gold pieces
 12264 | D:8      | Reached skill level 5 in Charms
 12947 | D:8      | Reached skill level 9 in Spellcasting
 13015 | D:8      | Noticed a tengu conjurer
 13589 | D:8      | Reached XP level 10. HP: 48/49 MP: 13/24
 13671 | D:8      | Found a shadowy altar of Dithmenos.
 13932 | D:7      | Gained mutation: Armour fits poorly on your strangely
                  | shaped body. [potion of mutation]
 13932 | D:7      | Gained mutation: You have a pair of small antennae on your
                  | head. [potion of mutation]
 13932 | D:7      | Gained mutation: You are partially covered in iridescent
                  | scales. (AC +2) [potion of mutation]
 14003 | D:8      | Reached skill level 5 in Stealth
 14485 | D:9      | Found a runed door.
 14492 | D:9      | Noticed Tenar's ghost (journeyman GnIE)
 14498 | D:9      | Noticed a guardian serpent
 14506 | D:9      | Killed a guardian serpent
 14944 | D:9      | Found a snail-covered altar of Cheibriados.
 15016 | D:9      | Reached skill level 5 in Hexes
 15192 | D:9      | Found a staircase to the Lair.
 15451 | D:10     | Entered Level 10 of the Dungeon
 15578 | D:10     | Reached skill level 10 in Translocations
 15812 | D:10     | Reached skill level 10 in Spellcasting
 16114 | D:10     | Noticed a gargoyle
 16230 | D:10     | Learned a level 3 spell: Lesser Beckoning
 16797 | Lair:1   | Entered Level 1 of the Lair of Beasts
 16797 | Lair:1   | Noticed a six-headed hydra
 17549 | D:11     | Reached skill level 1 in Evocations
 17789 | D:11     | Bought a book of Enchantments for 650 gold pieces
 17794 | D:11     | Learned a level 4 spell: Cause Fear
 17799 | D:11     | Noticed Harold
 17844 | D:11     | Reached XP level 11. HP: 45/51 MP: 14/26
 18169 | D:11     | Noticed a white ugly thing
 18178 | D:11     | Killed a white ugly thing
 18343 | D:11     | Killed Harold
 18343 | D:11     | Reached skill level 11 in Spellcasting
 18362 | D:11     | Learned a level 4 spell: Passage of Golubria
 18552 | D:11     | Reached skill level 1 in Shields
 19039 | D:12     | Noticed a green ugly thing
 19060 | D:12     | Killed a green ugly thing
 19283 | D:12     | Noticed a sixfirhy
 19301 | D:12     | Noticed a soul eater
 19302 | D:12     | Noticed a soul eater
 19569 | D:12     | Noticed a sun demon
 19577 | D:11     | Noticed a sun demon
 19771 | D:12     | Found a staircase to the Orcish Mines.
 20234 | Orc:1    | Entered Level 1 of the Orcish Mines
 20253 | Orc:1    | Noticed an orc knight
 20304 | Orc:1    | Reached skill level 12 in Spellcasting
 20428 | D:12     | Killed an orc knight
 20485 | Orc:1    | Reached skill level 1 in Summonings
 20510 | Orc:1    | Noticed an orc knight
 20672 | D:12     | Killed an orc knight
 20672 | D:12     | Reached XP level 12. HP: 58/58 MP: 25/29
 21142 | Orc:1    | Found a burning altar of Makhleb.
 21527 | Orc:1    | You fall through a shaft!
 21527 | Orc:2    | Entered Level 2 of the Orcish Mines
 21785 | Orc:2    | Found the +10 large shield of Ignorance {rN+ Int-4}
 21791 | Orc:2    | Found a runed door.
 21814 | Orc:2    | Found a runed door.
 21940 | Orc:2    | Noticed Urug
 21946 | Orc:2    | Noticed Urug
 21946 | Orc:2    | Urug changed into Urug the merfolk
 22626 | Orc:2    | Noticed Saint Roka
 22647 | Orc:2    | Noticed Rupert
 22651 | Orc:2    | Found a staircase to the Elven Halls.
 23068 | Orc:2    | Learned a level 6 spell: Deflect Missiles
 23498 | Orc:2    | Found a roughly hewn altar of Beogh.
 23976 | Orc:2    | Killed Urug the merfolk
 24272 | Orc:2    | Found a roughly hewn altar of Beogh.
 24295 | Orc:2    | Found Nedatael's Jewellery Shoppe.
 24316 | Orc:2    | Bought the ring of Nomm {rF+ AC+2} for 312 gold pieces
 24316 | Orc:2    | Bought an uncursed amulet of regeneration for 390 gold
                  | pieces
 24471 | Orc:2    | Reached skill level 1 in Air Magic
 24568 | Orc:2    | Found a roughly hewn altar of Beogh.
 24568 | Orc:2    | Found Loseq's Antique Weapon Shoppe.
 24576 | Orc:2    | Found Haeng's Antique Armour Emporium.
 24593 | Orc:2    | Bought a glowing robe for 96 gold pieces
 24620 | Orc:2    | Bought a transparent war axe for 229 gold pieces
 24620 | Orc:2    | Identified the cursed +1 war axe of the Final Chapter
                  | {freeze, rC+ Str+2 Int+4} (You bought it in a shop on level
                  | 2 of the Orcish Mines)
 24866 | Orc:2    | Killed Rupert
 24866 | Orc:2    | Reached skill level 13 in Spellcasting
 24996 | Orc:2    | Found Atwiz's Armour Emporium.
 25063 | Orc:2    | Found a roughly hewn altar of Beogh.
 25805 | D:9      | Reached skill level 10 in Dodging
 26042 | Lair:1   | Killed a six-headed hydra
 26042 | Lair:1   | Reached XP level 13. HP: 59/63 MP: 7/31
 26105 | Lair:1   | Reached skill level 10 in Short Blades
 26418 | Lair:1   | Noticed Erica
 26453 | Lair:1   | Killed Erica
 26504 | Lair:1   | Found a runed door.
 26505 | Lair:1   | Noticed Harpaggios's ghost (journeyman VSEn)
 26952 | Lair:1   | Killed Harpaggios's ghost
 27072 | Lair:2   | Found a dark tunnel.
 27080 | Volcano  | Entered a volcano
 28057 | Lair:2   | Noticed Gastronok
 28091 | Lair:2   | Killed Gastronok
 28310 | Lair:2   | Reached skill level 5 in Fighting
 29004 | Lair:3   | Found a staircase to the Swamp.
 29303 | Lair:3   | Reached skill level 5 in Shields
 29374 | Lair:3   | You fall through a shaft for 3 floors!
 29374 | Lair:6   | Entered Level 6 of the Lair of Beasts
 29523 | Lair:5   | Got a blackened quarterstaff
 29529 | Lair:5   | Identified the +1 quarterstaff of Rotation {crush, *Corrode
                  | rElec rF+ Dex+7} (You found it on level 5 of the Lair of
                  | Beasts)
 29857 | Lair:5   | Found a runed door.
 29859 | Lair:5   | Noticed Uwypaar's ghost (journeyman GrFi)
 30576 | Lair:4   | Learned a level 1 spell: Magic Dart
 30624 | Lair:4   | Got a sparkling iron amulet
 30627 | Lair:4   | Identified the amulet of Psychosis {RegenMP *Corrode +Fly
                  | rElec MR+} (You found it on level 4 of the Lair of Beasts)
 30744 | Lair:4   | Learned a level 2 spell: Ensorcelled Hibernation
 31073 | Lair:4   | Found a hole to the Spider Nest.
 31084 | Lair:4   | Reached XP level 14. HP: 66/68 MP: 25/32
 31108 | Lair:4   | Reached skill level 5 in Air Magic
 32060 | Lair:5   | Reached skill level 14 in Spellcasting
 32870 | Lair:6   | Reached skill level 1 in Ice Magic
 34134 | Lair:6   | Found a staircase to the Slime Pits.
 35467 | Lair:4   | Bought a potion of curing for 45 gold pieces
 35467 | Lair:4   | Bought a potion of curing for 45 gold pieces
 35467 | Lair:4   | Bought a potion of magic for 120 gold pieces
 35467 | Lair:4   | Bought 2 potions of curing for 90 gold pieces
 35467 | Lair:4   | Bought a potion of curing for 45 gold pieces
 35467 | Lair:4   | Bought a potion of curing for 45 gold pieces
 35690 | D:9      | HP: 1/69 [Tenar's ghost/shard of ice (40)]
 36038 | D:10     | Learned a level 5 spell: Yara's Violent Unravelling
 36299 | D:12     | Reached skill level 1 in Transmutations
 36854 | D:13     | Noticed a bone dragon
 36855 | D:13     | Found the +9 sword of Zonguldrok {reap}
 37640 | D:13     | Reached XP level 15. HP: 71/73 MP: 28/34
 37926 | D:14     | Found a flagged portal.
 37942 | Bailey   | Entered a bailey
 38312 | D:14     | Reached skill level 1 in Long Blades
 38322 | D:14     | Noticed Josephine
 38353 | D:14     | Killed Josephine
 38648 | D:14     | Got a bloodstained hand axe
 38649 | D:14     | Identified the +2 hand axe "Hiurug" {chop, rF+ MR+ Stlth+}
                  | (You found it on level 14 of the Dungeon)
 38655 | D:14     | Identified a scroll of acquirement
 38749 | D:14     | Found a gate to the Vaults.
 38832 | D:14     | Reached skill level 10 in Charms
 39030 | D:14     | Found a shadowy altar of Dithmenos.
 39308 | D:15     | Entered Level 15 of the Dungeon
 39367 | D:15     | Found a staircase to the Depths.
 40889 | D:9      | Killed Tenar's ghost
 41652 | Lair:5   | Got an ichor-stained trident {pierce}
 42933 | Orc:2    | Killed Saint Roka
 42933 | Orc:2    | Reached skill level 15 in Spellcasting
 42933 | Orc:2    | Reached skill level 10 in Hexes
 42968 | Orc:2    | Identified the +8 trident of the Head {pierce, rF+ Dex+4
                  | Stlth+} (You took it off a spriggan rider on level 5 of the
                  | Lair of Beasts)
 43165 | Orc:2    | Lost mutation: You are partially covered in iridescent
                  | scales. (AC +2) [potion of mutation]
 43165 | Orc:2    | Lost mutation: You have a pair of small antennae on your
                  | head. [potion of mutation]
 43165 | Orc:2    | Lost mutation: Armour fits poorly on your strangely shaped
                  | body. [potion of mutation]
 43165 | Orc:2    | Gained mutation: You are resistant to hostile enchantments.
                  | (MR+) [potion of mutation]
 43165 | Orc:2    | Gained mutation: You possess an exceptional clarity of
                  | mind. [potion of mutation]
 43165 | Orc:2    | Gained mutation: You are partially covered in molten
                  | scales. (AC +2) [potion of mutation]
 43166 | Orc:2    | Bought the cursed +1 pearl dragon scales of Inofeul {rPois
                  | rN+} for 1528 gold pieces
 43467 | Spider:1 | Entered Level 1 of the Spider Nest
 43784 | Spider:1 | Noticed a ghost moth
 43804 | Spider:1 | Killed a ghost moth
 44167 | Spider:1 | Reached skill level 1 in Armour
 44248 | Spider:1 | Reached skill level 10 in Stealth
 45107 | Spider:2 | Found a transporter.
 45526 | Spider:2 | Blown up by an orb spider

Skill      XL: |  1  2  3  4  5  6  7  8  9 10 11 12 13 14 15 |
---------------+----------------------------------------------+-----
Spellcasting   | 3 4 5 7 9 10 12 13 14 15 | 15.2
Dodging        | 4 5 6 7 8 9 10 11 | 11.5
Short Blades   | 3 4 5 6 8 9 10 11 | 11.2
Stealth        | 1 2 4 6 7 8 9 10 | 10.4
Charms         | 1 2 3 4 5 6 7 8 9 10 | 10.3
Fighting       | 2 3 4 5 6 |  6.1
Translocations | 5 6 7 9 10 11 12 13 | 13.6
Hexes          | 1 3 4 5 6 7 8 9 10 | 10.6
Throwing       | 2 3 |  3.4
Evocations     | 1 2 |  2.0
Shields        | 2 4 5 6 7 |  7.2
Summonings     | 1 |  1.4
Air Magic      | 2 4 6 7 |  7.4
Ice Magic      | 1 3 |  3.0
Transmutations | 2 3 |  3.1
Long Blades    | 2 |  2.9
Armour         | 2 |  2.0

Action                   |  1- 3 |  4- 6 |  7- 9 | 10-12 | 13-15 || total
-------------------------+-------+-------+-------+-------+-------++-------
Melee: Short sword       |   242 |    43 |       |       |       ||   285
       Dagger            |       |   289 |   558 |   240 |   568 ||  1655
       Rapier            |       |       |   133 |  1120 |  1381 ||  2634
       Long sword        |       |       |       |       |   333 ||   333
       Double sword      |       |       |       |       |   146 ||   146
       Scimitar          |       |       |       |       |    28 ||    28
Throw: Tomahawk          |       |     5 |    14 |    17 |    63 ||    99
 Cast: Shroud of Golubri |    25 |    37 |    70 |   111 |   134 ||   377
       Blink             |       |     2 |     2 |    12 |    17 ||    33
       Slow              |       |       |    81 |   139 |   222 ||   442
       Gell's Gravitas   |       |       |    23 |   106 |    91 ||   220
       Teleport Other    |       |       |     2 |     3 |       ||     5
       Call Imp          |       |       |     6 |    13 |     8 ||    27
       Passage of Golubr |       |       |       |     1 |       ||     1
       Cause Fear        |       |       |       |     9 |     9 ||    18
       Ensorcelled Hiber |       |       |       |       |   205 ||   205
       Magic Dart        |       |       |       |       |    11 ||    11
       Lesser Beckoning  |       |       |       |       |     2 ||     2
       Yara's Violent Un |       |       |       |       |    26 ||    26
       Deflect Missiles  |       |       |       |       |     3 ||     3
Invok: Call Merchant     |       |       |       |     1 |     2 ||     3
Evoke: Wand              |       |       |     3 |    17 |    10 ||    30
  Use: Scroll            |       |       |     5 |    26 |    13 ||    44
       Potion            |       |       |     2 |    13 |    10 ||    25
 Stab: Sleeping          |     1 |     3 |     4 |    18 |   131 ||   157
       Distracted        |       |       |     1 |     7 |    11 ||    19
       Fleeing           |       |       |       |     1 |       ||     1
       Paralysed         |       |       |       |       |     1 ||     1
  Eat: Ration            |     1 |     3 |     5 |     7 |    14 ||    30
Armor: Robe              |    19 |    14 |    15 |    71 |   144 ||   263
       Pearl dragon scal |       |       |       |       |    59 ||    59
Dodge: Dodged            |   222 |   232 |   470 |   769 |  1300 ||  2993
       Deflected         |       |       |       |       |    23 ||    23
Block: Buckler           |       |       |       |   154 |   750 ||   904
       Rpst.: Long sword |       |       |       |       |    34 ||    34
       Double sword      |       |       |       |       |    33 ||    33
       Scimitar          |       |       |       |       |     3 ||     3
